Map: Nightscape LE

Players

Nova

  • Race: Terran Terran
  • League: Diamond
  • Spawn Location: 1:00

Ganon

  • Race: Protoss Protoss
  • League: Diamond
  • Spawn Location: 1:00

Massa - Winner!

  • Race: Terran Terran
  • League: Platinum
  • Spawn Location: 7:00

qqq - Winner!

  • Race: Zerg Zerg
  • Spawn Location: 7:00

VOD

Have the link to the VOD?

Description

Time

  • Played on: Feb. 14, 2021, 3:24 p.m.
  • Length: 13:35
Show
View Real Time Build Order
Export as new Build Order

Nova Terran 

Build Orders: Reaper Expand 

Get SALT Encoding   

  12  0:00  SCV  
  13  0:12  SCV  
  14  0:17  Supply Depot  
  14  0:24  SCV  
  15  0:38  SCV  
  15  0:42  Barracks  
  16  0:47  Refinery  
  16  0:50  SCV  
  17  1:03  SCV  
  18  1:15  SCV  
  19  1:28  Orbital Command  
  19  1:31  Reaper  
  20  1:43  Command Center  
  20  1:49  Supply Depot  
  20  1:54  SCV  
  21  2:06  SCV  
  22  2:14  Barracks Reactor  
  22  2:19  SCV  
  22  2:22  Barracks  
  23  2:27  Bunker  
  23  2:31  SCV  
  24  2:42  Refinery  
  24  2:45  SCV, Factory  
  25  2:57  SCV  
  26  3:03  Marine x2  
  28  3:09  SCV  
  28  3:11  Bunker  
  29  3:14  Barracks Tech Lab  
  28  3:21  Marine x2  
  28  3:23  Bunker  
  30  3:29  SCV  
  30  3:30  Supply Depot  
  30  3:31  Widow Mine  
  33  3:36  Marine  
  33  3:38  Marine  
  33  3:39  Marine  
  36  3:41  SCV  
  36  3:48  Bunker  
  37  3:51  Stimpack  
  36  3:59  Marine  
  36  4:09  Marine x2  
  37  4:12  SCV  
  38  4:17  Marine  
  36  4:24  SCV  
  36  4:27  Marine x2  
  39  4:35  Marine  
  37  4:42  Factory Reactor  
  37  4:44  Marine  
  37  4:45  Marine  
  39  4:46  Starport  
  39  4:53  Marine  
  39  4:56  Supply Depot  
  39  4:57  Orbital Command  
  40  5:02  Marine  
  41  5:11  Marine x2  
  40  5:20  Marine  
  37  5:29  Orbital Command, Marine x2  
  39  5:38  Marine  
  39  5:39  Medivac x2  
  44  5:47  Marine x2  
  46  5:50  Factory Tech Lab, SCV  
  47  5:58  Marine  
  47  6:00  SCV  
  49  6:04  Combat Shield  
  49  6:06  SCV  
  50  6:12  SCV  
  50  6:15  Siege Tank  
  50  6:16  Marine x2  
  50  6:18  SCV  
  57  6:24  SCV, Medivac  
  60  6:26  Marine  
  61  6:34  Marine, Supply Depot  
  61  6:35  Supply Depot  
  62  6:46  Supply Depot  
  62  6:48  Supply Depot  
  62  6:55  SCV x2, Marine x2, Siege Tank  
  62  6:57  Supply Depot  
  69  7:07  Marine  
  70  7:09  SCV x2  
  70  7:13  Marine x2  
  70  7:14  Command Center  
  66  7:25  SCV  
  66  7:27  Refinery, Marine, Siege Tank  
  66  7:28  Refinery  
  71  7:32  Barracks  
  71  7:33  Barracks  
  71  7:34  Supply Depot  
  66  7:57  Marine x3  
  69  7:59  SCV x2  
  69  8:00  Siege Tank  
  69  8:05  Engineering Bay x2  
  74  8:11  SCV x2  
  68  8:14  Marine  
  68  8:15  Marine x2  
  71  8:23  SCV x2  
  73  8:29  Barracks Reactor x2, Supply Depot  
  73  8:32  Marine  
  73  8:33  Marine x2  
  76  8:35  SCV x2  
  78  8:43  Factory  
  78  8:46  Terran Infantry Weapons Level 1  
  78  8:47  SCV x2  
  78  8:48  Terran Infantry Armor Level 1  
  80  8:50  Marine  
  80  8:54  Marine x2  
  83  8:56  Supply Depot  
  83  8:59  SCV x2  
  85  9:05  Marine x2  
  85  9:06  Marine x2  
  89  9:11  SCV x2, Siege Tank  
  89  9:15  Marine x3  
  97  9:23  SCV  
  98  9:24  Supply Depot  
  98  9:27  Orbital Command  
  98  9:29  Marine x2  
  100  9:35  SCV x2  
  100  9:38  Factory Tech Lab  
  102  9:43  Medivac, Siege Tank  
  107  9:46  Medivac  
  107  9:47  SCV  
  107  9:49  SCV  
  111  9:54  SCV  
  111  9:56  Supply Depot  
  111  9:59  SCV  
  113  10:01  SCV  
  113  10:02  Marine x4  
  118  10:07  Marine x3  
  118  10:12  Supply Depot  
  118  10:13  Medivac  
  123  10:14  Refinery  
  123  10:15  Refinery  
  123  10:16  Medivac  
  123  10:19  Marine x2  
  123  10:20  Marine  
  128  10:23  Marine  
  128  10:24  Marine  
  128  10:25  Marine  
  128  10:26  SCV  
  128  10:27  SCV  
  133  10:32  Supply Depot  
  133  10:36  Supply Depot  
  133  10:38  Marine x4  
  122  11:20  Marine x7, Siege Tank x2  
  135  11:30  Medivac x2  
  139  11:36  Barracks  
  139  11:37  Supply Depot  
  139  11:38  Barracks, Marine x5  
  139  11:39  Barracks  
  144  11:48  Marine x2  
  144  11:49  SCV x2  
  144  11:53  Armory  
  148  11:55  Marine  
  148  11:56  Marine  
  148  11:57  Supply Depot  
  148  12:00  Medivac  
  152  12:07  Supply Depot  
  152  12:09  Supply Depot  
  152  12:31  Barracks Tech Lab x3  
  145  12:57  Supply Depot x2  
  145  13:01  Viking x2, Ghost Academy  
Show
View Real Time Build Order
Export as new Build Order

Ganon Protoss 

Build Orders: Nexus First 

Get SALT Encoding   

  12  0:00  Probe  
  13  0:13  Probe (Chrono Boost)  
  15  0:22  Probe (Chrono Boost)  
  15  0:28  Pylon  
  15  0:46  Probe  
  16  0:58  Probe  
  17  1:04  Nexus  
  17  1:10  Probe  
  18  1:16  Gateway  
  18  1:21  Assimilator  
  18  1:27  Assimilator  
  18  1:30  Probe  
  19  1:44  Probe (Chrono Boost)  
  20  1:56  Probe (Chrono Boost)  
  21  2:03  Probe (Chrono Boost)  
  21  2:08  Cybernetics Core  
  22  2:10  Gateway  
  22  2:11  Probe  
  23  2:17  Gateway  
  22  2:23  Probe  
  22  2:27  Probe  
  24  2:39  Warp Gate (Chrono Boost)  
  24  2:41  Gateway  
  24  2:47  Pylon  
  25  2:51  Probe (Chrono Boost)  
  25  2:52  Probe (Chrono Boost)  
  26  3:03  Probe (Chrono Boost)  
  28  3:09  Probe (Chrono Boost)  
  28  3:10  Probe (Chrono Boost)  
  29  3:15  Probe  
  29  3:17  Probe  
  31  3:27  Probe  
  31  3:30  Probe  
  33  3:39  Probe, Assimilator  
  33  3:41  Assimilator  
  34  3:42  Probe, Pylon  
  34  3:45  Pylon  
  35  3:51  Probe  
  35  3:54  Probe  
  33  4:11  Zealot x4  
  35  4:22  Probe x2  
  33  4:32  Stalker x2  
  33  4:34  Probe x2 (Chrono Boost)  
  39  4:46  Probe (Chrono Boost)  
  39  4:47  Probe (Chrono Boost)  
  41  4:55  Probe x2 (Chrono Boost)  
  41  4:56  Shield Battery  
  43  5:00  Probe (Chrono Boost), Shield Battery  
  43  5:01  Probe, Pylon  
  45  5:10  Adept x2  
  45  5:12  Probe  
  45  5:13  Probe  
  43  5:24  Pylon  
  43  5:30  Adept x3  
  43  5:31  Zealot  
  51  5:44  Probe (Chrono Boost)  
  51  5:45  Probe (Chrono Boost)  
  51  5:48  Twilight Council  
  53  5:52  Pylon  
  54  5:57  Probe (Chrono Boost)  
  54  5:59  Probe (Chrono Boost)  
  55  6:04  Probe (Chrono Boost)  
  55  6:05  Probe (Chrono Boost)  
  55  6:10  Probe  
  58  6:20  Probe  
  58  6:22  Probe  
  58  6:25  Gateway  
  60  6:26  Gateway  
  60  6:33  Templar Archives  
  55  6:58  Pylon  
  55  7:01  Pylon  
  55  7:02  Psionic Storm, Pylon  
  55  7:04  Shield Battery  
  55  7:06  Pylon  
  55  7:09  High Templar x3  
  55  7:10  High Templar  
  63  7:17  Probe x2  
  65  7:29  Probe x2  
  67  7:31  Charge (Chrono Boost)  
  67  7:41  Probe  
  68  7:45  Probe  
  68  7:50  Robotics Facility  
  69  7:52  Stargate  
  69  8:02  Stalker x2  
  69  8:03  Nexus, Stalker  
  69  8:05  Pylon  
  75  8:13  Pylon  
  70  8:33  Stalker x4  
  70  8:34  Stalker  
  80  8:39  Pylon  
  80  8:40  Gateway  
  80  8:42  Observer  
  80  8:45  Phoenix  
  83  8:50  Probe (Chrono Boost)  
  83  8:53  Probe (Chrono Boost)  
  85  8:58  High Templar x2  
  85  8:59  High Templar x3  
  85  9:02  Probe (Chrono Boost)  
  97  9:03  Stalker  
  97  9:05  Probe (Chrono Boost)  
  97  9:07  Probe (Chrono Boost)  
  100  9:11  Robotics Bay  
  100  9:18  Shield Battery  
  100  9:25  Forge  
  100  9:27  Forge  
  100  9:28  Pylon  
  100  9:29  Probe  
  102  9:31  Probe  
  102  9:32  Probe  
  103  9:55  Colossus (Chrono Boost)  
  103  9:58  Extended Thermal Lance (Chrono Boost)  
  109  10:09  Assimilator  
  109  10:10  Protoss Ground Weapons Level 1, Assimilator, Protoss Ground Armor Level 1  
  109  10:16  Pylon  
  109  10:17  Zealot x3  
  109  10:18  Nexus  
  115  10:27  Archon  
  115  10:28  Archon  
  69  11:24  Zealot x7  
  69  11:25  Disruptor (Chrono Boost)  
  83  11:27  Void Ray  
  86  11:34  Robotics Facility  
  86  11:36  Stargate  
  86  11:38  Stargate  
  90  11:41  Assimilator  
  90  11:43  Pylon  
  90  11:46  Pylon  
  80  12:02  Assimilator  
  80  12:06  Probe x2  
  80  12:08  Probe, Void Ray  
  82  12:09  Probe  
  88  12:18  Probe  
  89  12:23  Probe x2  
  89  12:24  Probe  
  89  12:25  Void Ray x2  
  89  12:26  Warp Prism (Chrono Boost)  
  94  12:35  Fleet Beacon  
  103  12:51  Probe x4  
  103  12:55  Shield Battery  
  106  13:05  Zealot x4  
  110  13:06  Zealot x2  
Show
View Real Time Build Order
Export as new Build Order

Massa Terran - Winner!

Build Orders:  

Get SALT Encoding   

  12  0:00  SCV  
  13  0:12  SCV  
  14  0:18  Supply Depot  
  14  0:24  SCV  
  15  0:31  Refinery  
  15  0:40  SCV  
  16  0:46  Barracks  
  16  0:52  SCV  
  17  1:04  SCV  
  18  1:16  SCV  
  19  1:28  Barracks  
  19  1:29  Barracks  
  19  1:44  Orbital Command  
  19  1:54  Barracks Tech Lab  
  19  2:10  SCV  
  19  2:14  Supply Depot  
  20  2:16  Marine x3  
  20  2:21  Stimpack  
  23  2:32  Factory  
  23  2:40  Marauder, Marine x2  
  26  2:48  SCV  
  27  2:58  Marine x2  
  27  3:02  Marauder  
  31  3:22  Supply Depot  
  31  3:24  Supply Depot  
  31  3:28  Factory Tech Lab  
  31  3:34  Starport  
  31  3:43  Marine x2  
  31  3:44  Marauder  
  32  4:18  Marine  
  32  4:19  Marauder, Marine  
  30  4:36  Marine  
  29  4:38  Marine  
  29  4:40  Marauder  
  32  4:47  Command Center, Medivac  
  32  4:50  SCV  
  32  4:51  Refinery  
  35  4:54  Marine  
  35  4:56  Marine  
  37  5:01  Marauder  
  37  5:02  SCV  
  40  5:12  Marine  
  41  5:14  SCV  
  38  5:23  Marauder  
  40  5:31  Marine x2  
  42  5:40  Combat Shield  
  42  5:42  SCV  
  39  5:44  Marauder  
  39  5:48  Marine  
  39  5:49  Marine  
  43  5:54  SCV  
  43  5:55  Engineering Bay  
  44  6:03  Orbital Command  
  44  6:05  Liberator  
  44  6:06  SCV  
  48  6:12  Refinery  
  48  6:16  Refinery  
  48  6:18  SCV  
  49  6:30  SCV  
  50  6:43  SCV  
  51  6:55  SCV  
  51  6:57  Medivac  
  51  6:59  SCV  
  53  7:05  Marauder, Marine x2  
  55  7:08  Orbital Command  
  55  7:11  SCV  
  55  7:23  Marine x2  
  55  7:27  Marauder  
  55  7:28  Missile Turret  
  59  7:30  Missile Turret  
  59  7:48  Marauder  
  58  7:52  Medivac  
  58  7:56  Barracks Reactor  
  58  7:57  Barracks Tech Lab  
  60  7:58  Concussive Shells  
  60  8:09  SCV x2  
  62  8:15  Command Center  
  62  8:18  Missile Turret  
  62  8:19  Missile Turret  
  62  8:20  Missile Turret  
  62  8:21  SCV  
  62  8:52  Terran Infantry Weapons Level 1, Supply Depot  
  62  8:54  Supply Depot  
  62  8:58  Starport Reactor  
  62  9:14  SCV x2, Marine x2, Siege Tank  
  62  9:16  Marauder x2  
  73  9:19  Ghost Academy  
  73  9:23  Armory  
  73  9:26  SCV x2  
  73  9:29  Supply Depot  
  73  9:31  Marine, Supply Depot  
  75  9:38  SCV x2  
  78  9:46  Siege Tank  
  78  9:50  SCV x2  
  83  10:02  Orbital Command, Missile Turret, SCV x2  
  85  10:07  Missile Turret  
  85  10:10  Medivac x2  
  85  10:12  Marauder x2, Marine x2, Missile Turret  
  95  10:14  SCV x2  
  95  10:18  Siege Tank  
  95  10:20  Enhanced Shockwaves  
  100  10:26  SCV  
  101  10:28  Barracks  
  101  10:33  Marauder  
  101  10:34  Barracks  
  103  10:36  Drilling Claws  
  103  10:41  Marine x2  
  103  10:42  Marauder  
  107  10:46  Terran Infantry Armor Level 1  
  107  10:54  Marauder  
  91  11:06  Marauder, Marine x2  
  95  11:16  Marauder  
  97  11:27  Marauder  
  99  11:37  Marauder  
  99  11:39  Barracks Tech Lab x2, Marine x2  
  102  11:44  Personal Cloaking  
  103  11:47  SCV x3  
  103  11:49  Marauder  
  103  11:52  Missile Turret  
  108  11:54  Smart Servos, Sensor Tower  
  108  11:56  Missile Turret  
  108  11:59  SCV  
  109  12:07  Supply Depot  
  109  12:08  Engineering Bay, Supply Depot x2  
  109  12:26  Refinery  
  109  12:28  SCV x3, Marauder, Siege Tank  
  109  12:29  Refinery  
  119  12:30  Marauder, Supply Depot  
  119  12:33  Supply Depot  
  119  12:36  Supply Depot  
  119  13:02  Marauder x2  
  119  13:03  Marauder x2, Marine x2  
  132  13:12  Command Center  
Show
View Real Time Build Order
Export as new Build Order

qqq Zerg - Winner!

Build Orders: Hatch First, Brood Lord Corruptor 

Get SALT Encoding   

  12  0:00  Drone  
  13  0:08  Drone  
  14  0:21  Overlord  
  14  0:46  Hatchery  
  14  0:50  Drone  
  14  0:51  Drone  
  15  1:02  Drone x2  
  17  1:21  Spawning Pool  
  17  1:22  Extractor  
  15  1:38  Drone x3  
  18  1:52  Drone  
  19  2:00  Drone  
  20  2:01  Drone  
  21  2:11  Queen x2  
  21  2:13  Drone  
  25  2:17  Overlord  
  25  2:23  Metabolic Boost  
  25  2:27  Drone  
  25  2:29  Zergling x2  
  27  2:32  Drone  
  27  2:35  Zergling x2  
  29  2:43  Drone  
  30  2:45  Zergling x2  
  31  2:54  Drone  
  31  2:55  Zergling x2  
  33  3:04  Zergling x2  
  35  3:05  Zergling x2  
  35  3:14  Zergling x2  
  35  3:19  Overlord  
  36  3:21  Overlord x3  
  36  3:33  Overlord  
  36  3:38  Hatchery  
  36  3:40  Zergling x6  
  38  3:42  Zergling x2  
  38  3:44  Drone  
  39  4:02  Zergling x4  
  36  4:03  Zergling x6  
  36  4:04  Zergling x4  
  36  4:09  Zergling x2  
  41  4:10  Zergling x2  
  42  4:19  Zergling x2  
  42  4:20  Zergling x2  
  42  4:39  Zergling x4  
  42  4:40  Zergling x2  
  43  4:48  Zergling x2  
  43  4:49  Drone  
  43  4:51  Lair  
  45  4:54  Queen  
  45  4:55  Drone x2  
  46  5:11  Zergling x4  
  46  5:12  Drone  
  46  5:13  Zergling x4  
  43  5:19  Zergling x2  
  42  5:28  Zergling x4  
  42  5:29  Zergling x2  
  42  5:30  Drone x5  
  42  5:35  Drone  
  51  5:45  Drone x2  
  51  5:46  Hatchery  
  51  5:47  Extractor  
  51  5:55  Infestation Pit  
  51  5:56  Drone, Spire  
  51  5:57  Drone x5  
  52  5:58  Drone  
  52  5:59  Drone  
  52  6:00  Drone  
  58  6:07  Drone x3  
  58  6:08  Drone  
  58  6:10  Extractor  
  61  6:12  Extractor  
  61  6:14  Burrow  
  60  6:20  Drone x2  
  60  6:21  Drone x3  
  65  6:28  Drone x3  
  68  6:34  Drone x2  
  68  6:36  Extractor  
  68  6:37  Extractor  
  68  6:39  Infestor  
  70  6:44  Infestor  
  70  6:46  Drone x3  
  70  6:47  Drone x4  
  77  6:50  Overlord  
  79  6:56  Drone x2  
  81  7:08  Infestor x2  
  83  7:22  Corruptor x2  
  78  7:24  Drone  
  78  7:25  Drone x8  
  78  7:26  Drone  
  92  7:30  Queen  
  92  7:31  Drone  
  92  7:33  Overlord x3  
  95  7:37  Hive  
  95  7:41  Pathogen Glands  
  95  7:44  Overlord  
  95  7:45  Overlord  
  95  7:54  Drone x4  
  99  8:04  Extractor  
  98  8:05  Extractor, Spore Crawler  
  98  8:06  Drone x6  
  98  8:10  Spine Crawler  
  98  8:11  Drone x2  
  103  8:16  Mutalisk  
  103  8:17  Mutalisk  
  103  8:18  Corruptor  
  103  8:19  Zergling x2, Infestor x2  
  115  8:20  Drone, Zergling x2  
  115  8:21  Drone  
  117  8:32  Drone  
  117  8:33  Drone x3  
  121  8:37  Neural Parasite  
  121  8:49  Greater Spire, Corruptor x2  
  121  8:51  Drone x4  
  129  9:03  Corruptor x2  
  129  9:05  Corruptor  
  129  9:09  Overlord x6  
  135  9:10  Overlord x2  
  135  9:17  Hatchery  
  134  9:26  Corruptor  
  134  9:27  Corruptor x3  
  142  9:35  Corruptor  
  142  9:36  Corruptor  
  146  9:45  Spire, Corruptor  
  145  9:46  Corruptor  
  144  10:00  Corruptor  
  144  10:04  Brood Lord  
  144  10:05  Brood Lord  
  150  10:18  Spine Crawler  
  150  10:20  Spine Crawler, Corruptor x2  
  150  10:21  Corruptor  
  152  10:27  Brood Lord  
  156  10:34  Zerg Flyer Weapons Level 1  
  156  10:35  Evolution Chamber x2  
  112  11:06  Infestor  
  112  11:07  Brood Lord x2  
  112  11:08  Brood Lord x3  
  120  11:11  Zergling x6  
  120  11:12  Zergling x16  
  120  11:13  Zergling x8  
  120  11:14  Drone x3  
  138  11:21  Zerg Flyer Armor Level 1  
  138  11:30  Zergling x2  
  138  11:31  Zergling x4  
  141  11:36  Brood Lord x2  
  145  12:01  Drone  
  145  12:02  Drone x2  
  145  12:06  Spine Crawler, Corruptor x4  
  145  12:07  Spine Crawler  
  154  12:10  Infestor  
  154  12:11  Hatchery  
  154  12:12  Hatchery  
  154  12:14  Corruptor x2  
  156  12:16  Zergling x4  
  156  12:17  Zergling x4  
  156  12:18  Drone  
  161  12:26  Zergling x4  
  161  12:52  Drone x3  
  164  13:02  Corruptor  
  164  13:03  Corruptor x5  
Tags
 
Add a new tag
Caveats
  • Supply blocks, unpowered buildings, or Contaminate may cause inaccurate times.
  • Supply counts are checked every 10 seconds.